 Dungeon Crawl Stone Soup version bcrawl-1.13.1 (webtiles) character file.

Game seed: 6831562973618182473

126 Revguard the Sneak (level 4, -1/33 HPs)
             Began as a Demonspawn Archaeologist on Aug 3, 2019.
             Slain by a bullfrog skeleton (3 damage)
             ... on level 3 of the Dungeon.
             The game lasted 00:05:21 (2463 turns).

Revguard the Sneak (Demonspawn Archaeologist)       Turns: 2463, Time: 00:05:21

Health: -1/33      AC:  8    Str: 11 (12) XL:     4   Next: 84%
Magic:  5/5        EV: 12    Int: 14 (15) God:
Gold:   194        SH:  3    Dex: 12      Spells: 3/3 levels left

rFire    . . .     SeeInvis .   o - +0 morningstar
rCold    . . .     Gourm    .   l - +0 buckler
rNeg     . . .     Faith    .   b - +1 robe
rPois    .         Spirit   .   c - +1 hat
rElec    .         Reflect  .   (no cloak)
rCorr    .         Harm     .   (no gloves)
MR       .....                  d - +1 pair of boots
Stlth    ++........             j - amulet of the acrobat
HPRegen  0.11/turn              (no ring)
MPRegen  0.09/turn              (no ring)

@: berserk cooldown, slowed, studying Maces & Flails, very slow
A: antennae 2, molten scales 1, deterioration 1
a: no special abilities


You were on level 3 of the Dungeon.
You were not hungry.

You visited 1 branch of the dungeon, and saw 3 of its levels.

You collected 194 gold pieces.

Inventory:

Hand Weapons
 a - a +1 whip
 o - a +0 morningstar (weapon)
Armour
 b - a +1 robe (worn)
 c - a +1 hat (worn)
 d - a +1 pair of boots (worn)
 l - a +0 buckler (worn)
Jewellery
 j - an amulet of the acrobat (around neck)
Scrolls
 m - a scroll of remove curse
Potions
 h - a potion of brilliance
 i - a potion of berserk rage
 k - a potion of lignification
 s - a potion of invisibility
Books
 e - a manual of Maces & Flails
Miscellaneous
 f - an ancient crate
Comestibles
 g - 5 rations {!d}
 n - 6 chunks of flesh


   Skills:
 * Level 1.8 Fighting
 + Level 2.8 Maces & Flails
 * Level 0.9 Armour
 + Level 3.2 Dodging
 - Level 3.5 Stealth
 * Level 0.7 Shields
 + Level 1.4 Evocations


You had 3 spell levels left.
You didn't know any spells.
Your spell library was empty.

Dungeon Overview and Level Annotations

Branches:
Dungeon (3/12)

Altars:
Xom


Innate Abilities, Weirdness & Mutations

You have a pair of antennae on your head.
You are partially covered in molten scales. (AC +2)
Your body sometimes deteriorates upon taking damage.


Message History

The bullfrog skeleton barely misses you. x2
You hit the bullfrog skeleton but do no damage.
The bullfrog skeleton barely misses you.
The bullfrog skeleton hits you.
You block the bullfrog skeleton's attack.
You hit the bullfrog skeleton but do no damage.
The bullfrog skeleton barely misses you. x3
You puncture the bullfrog skeleton!
The bullfrog skeleton is moderately damaged.
The bullfrog skeleton hits you.
* * * LOW HITPOINT WARNING * * *
Your body deteriorates!
You feel weakened. The bullfrog skeleton hits you.
* * * LOW HITPOINT WARNING * * *
Your body deteriorates!
You feel dopey.
You puncture the bullfrog skeleton!
The bullfrog skeleton is severely damaged.
The bullfrog skeleton barely misses you. x2
The bullfrog skeleton hits you.
You die...

.............(.....$#
#####................
#..............!..
#..).......).......
#.........))).......
#.........).........
#...................
#...........Z.....(.
.........@.......
............%[...
#................
##....%..........
##............##
##..........##
##........##
##......##


You could see a bullfrog skeleton.

Vanquished Creatures
  An orc priest (D:3)
  An adder (D:3)
  2 worms (D:2)
  6 dart slugs
  3 leopard geckos
  6 orcs (D:3)
  A giant cockroach (D:1)
  7 goblins
  9 hobgoblins
  8 jackals
  6 kobolds
  A quokka (D:2)
  4 bats
  2 frilled lizards (D:1)
  5 rats (D:1)
62 creatures vanquished.

Notes
Turn   | Place    | Note
-------+----------+-------------------------------------------
     0 | D:1      | Revguard the Demonspawn Archaeologist began the quest for
                  | the Orb.
     0 | D:1      | Reached XP level 1. HP: 15/15 MP: 1/1
    86 | D:1      | Reached skill level 1 in Maces & Flails
    86 | D:1      | Gained mutation: You have a pair of small antennae on your
                  | head. [demonic ancestry]
    86 | D:1      | Reached XP level 2. HP: 14/21 MP: 2/2
   368 | D:1      | Reached skill level 1 in Evocations
   484 | D:1      | Gained mutation: You are partially covered in molten
                  | scales. (AC +2) [demonic ancestry]
   484 | D:1      | Reached XP level 3. HP: 10/26 MP: 3/3
  1272 | D:1      | Gained mutation: Your body sometimes deteriorates upon
                  | taking damage. [potion of mutation]
  1272 | D:1      | Gained mutation: You have a pair of antennae on your head.
                  | [potion of mutation]
  1567 | D:2      | Found a shimmering altar of Xom.
  1846 | D:2      | Found a shimmering altar of Xom.
  1846 | D:2      | Found a shimmering altar of Xom.
  1848 | D:2      | Found a shimmering altar of Xom.
  2169 | D:2      | Reached XP level 4. HP: 32/32 MP: 5/5
  2408 | D:3      | Noticed a sky beast
  2463 | D:3      | Slain by a bullfrog skeleton

Skill      XL: |  1  2  3 |
---------------+----------+-----
Maces & Flails | 1 2 |  2.8
Evocations     | 1 |  1.4
Dodging        | 3 |  3.2
Fighting       | |  1.8
Armour         | |  0.9
Stealth        | |  3.5
Shields        | |  0.7

Action                   |  1- 3 |  4- 6 || total
-------------------------+-------+-------++-------
Melee: Whip              |   206 |    47 ||   253
       Morningstar       |       |     5 ||     5
  Use: Scroll            |     6 |       ||     6
       Potion            |     2 |     6 ||     8
 Stab: Sleeping          |    11 |       ||    11
  Eat: Chunk             |     4 |     1 ||     5
Armor: Robe              |    54 |    23 ||    77
Dodge: Dodged            |   112 |    55 ||   167
Block: Buckler           |     3 |    13 ||    16
